 Dungeon Crawl Stone Soup version 0.21-a0-528-gf531e82 (webtiles) character file.

235 slep the Chopper (level 5, 0/40 HPs)
             Began as a Demonspawn Gladiator on Dec 9, 2017.
             Slain by stupendous's ghost (8 damage)
             ... on level 4 of the Dungeon.
             The game lasted 00:07:48 (1713 turns).

slep the Chopper (Demonspawn Gladiator)             Turns: 1713, Time: 00:07:50

Health: 0/40       AC:  5    Str: 15    XL:     5   Next: 76%
Magic:  5/5        EV: 19    Int:  9    God:
Gold:   186        SH:  0    Dex: 20    Spells: 4/4 levels left

rFire    . . .     SeeInvis .   a - +0 war axe
rCold    . . .     Gourm    .   (no shield)
rNeg     . . .     Faith    .   b - +0 leather armour
rPois    .         Spirit   .   c - +0 helmet
rElec    .         Reflect  .   (no cloak)
rCorr    .         Harm     .   o - +0 pair of gloves
MR       .....                  (no boots)
Stlth    ++++......             (no amulet)
HPRegen  0.13/turn              r - ring of stealth
MPRegen  0.09/turn              (no ring)

@: agile
A: hooves 1, demonic guardian 1
a: no special abilities


You were on level 4 of the Dungeon.
You were not hungry.

You visited 1 branch of the dungeon, and saw 4 of its levels.

You collected 186 gold pieces.

Inventory:

Hand Weapons
 a - a +0 war axe (weapon)
Missiles
 d - 3 throwing nets (quivered)
Armour
 b - a +0 leather armour (worn)
 c - a +0 helmet (worn)
 o - a +0 pair of gloves (worn)
 s - a +1 leather armour of poison resistance
Jewellery
 r - a ring of stealth (left hand)
Wands
 t - a wand of random effects (14)
Scrolls
 e - 4 scrolls of identify {unknown}
 h - a scroll of fog {unknown}
 k - 2 scrolls of teleportation {unknown}
 m - a scroll of fear {unknown}
 n - 4 scrolls of remove curse {unknown}
 p - a scroll of magic mapping {unknown}
 q - a scroll of amnesia {unknown}
Potions
 i - a potion of lignification
Comestibles
 f - 6 bread rations
 g - 4 royal jellies
 l - 5 fruits


   Skills:
 + Level 2.9 Fighting
 + Level 4.5 Axes
 + Level 1.9 Throwing
 + Level 1.4 Armour
 + Level 3.4 Dodging
 + Level 1.0 Stealth


You had 4 spell levels left.
You didn't know any spells.

Dungeon Overview and Level Annotations

Branches:
Dungeon (4/15)
 Temple: D:4-7

Altars:
Nemelex Xobeh
Sif Muna

Annotations:
D:3 Terence
D:4 Grinder; stupendous's ghost, novice FoFi


Innate Abilities, Weirdness & Mutations

You have large cloven feet.
A weak demonic guardian rushes to your aid.


Message History

Grinder hits your shadow imp. Stupendous's ghost barely misses you.
You closely miss stupendous's ghost.
Stupendous's ghost is severely damaged.
Grinder hits your shadow imp.
Stupendous's ghost hits you but does no damage.
You hit stupendous's ghost but do no damage.
Stupendous's ghost is severely damaged.
Grinder gestures at you.
Your shadow imp resists with significant effort.
Stupendous's ghost hits you but does no damage.
Grinder hits your shadow imp!
Your shadow imp dies!
You hit stupendous's ghost.
Stupendous's ghost is severely damaged.
You feel less wooden.
Your +0 helmet unmelds from your body.
Your +0 pair of gloves unmelds from your body.
Your +0 leather armour unmelds from your body.
Stupendous's ghost hits you!
You die...

#.#....#.#+####
#g#......#
#g#..<...#
#.#'#..# #
#.#### #....#
####.# #.#+###
#@....#
....goW)....#
..######5....?.
....... ##.....
..... .....
....


You could see Grinder, stupendous's ghost, a gnoll and an orc.

Vanquished Creatures
  A bullfrog skeleton (D:4)
  2 orc wizards (D:4)
  5 gnolls
  4 adders
  2 worms (D:2)
  A leopard gecko (D:3)
  5 orcs (D:4)
  2 ball pythons
  4 giant cockroaches (D:1)
  7 goblins
  7 hobgoblins
  4 kobolds
  7 bats
  2 frilled lizards
  5 rats
58 creatures vanquished.

Notes
Turn   | Place    | Note
-------+----------+-------------------------------------------
     0 | D:1      | slep the Demonspawn Gladiator began the quest for the Orb.
     0 | D:1      | Reached XP level 1. HP: 16/16 MP: 1/1
    70 | D:1      | Reached skill level 3 in Axes
    74 | D:1      | Gained mutation: You have large cloven feet. [demonic ancestry]
    74 | D:1      | Reached XP level 2. HP: 20/22 MP: 2/2
   478 | D:2      | Reached XP level 3. HP: 24/27 MP: 3/3
   644 | D:2      | Found a deep blue altar of Sif Muna.
   868 | D:3      | Reached XP level 4. HP: 28/34 MP: 4/4
   893 | D:3      | Noticed Terence
  1059 | D:3      | Found a sparkling altar of Nemelex Xobeh.
  1080 | D:3      | Reached skill level 4 in Axes
  1187 | D:4      | Reached skill level 1 in Armour
  1187 | D:4      | Gained mutation: A weak demonic guardian rushes to your aid. [demonic ancestry]
  1187 | D:4      | Reached XP level 5. HP: 14/39 MP: 5/5
  1685 | D:4      | Noticed Grinder
  1685 | D:4      | Paralysed by Grinder for 5 turns
  1696 | D:4      | Noticed stupendous's ghost (novice FoFi)
  1696 | D:4      | Reached skill level 1 in Stealth
  1705 | D:4      | HP: 1/60 [stupendous's ghost (10)]
  1713 | D:4      | Slain by stupendous's ghost

Vault maps used:
D:1:      lightli_arrival_boilingwater, feat_on_display
D:2:      lemuel_blue_sif_altar
D:3:      old_standard_altar, minivault_26, uniq_terence
D:4:      first_bread, gup_ossuary_entry_pyramid, uniq_grinder

Skill      XL: |  1  2  3  4  5 |
---------------+----------------+-----
Axes           | 3 4 |  4.5
Dodging        | 3 |  3.4
Armour         | 1 |  1.4
Stealth        | 1 |  1.0
Fighting       | |  2.9
Throwing       | |  1.9

Action                   |  1- 3 |  4- 6 || total
-------------------------+-------+-------++-------
Melee: War axe           |    87 |    84 ||   171
       Kick              |    17 |    14 ||    31
  Use: Potion            |       |     3 ||     3
 Stab: Sleeping          |       |     1 ||     1
  Eat: Chunk             |       |     3 ||     3
Armor: Leather armour    |    19 |    24 ||    43
       Skin              |       |    11 ||    11
Dodge: Dodged            |    66 |    73 ||   139

Table legend:
 A = Spawn XP
 B = Non-spawn XP
 C = Spawn XP percentage of total XP
 D = Spawn monster count
 E = Non-spawn monster count
 F = Spawn count percentage of total count
 G = Total turns spent on level
                    A         B        C        D         E        F      G
               +---------+---------+-------+---------+---------+-------+---------
         Total |       0 |     336 |   0.0 |       0 |      58 |   0.0 |  1713
               +---------+---------+-------+---------+---------+-------+---------
           D:1 |       0 |      33 |   0.0 |       0 |      18 |   0.0 |   430
           D:2 |       0 |      51 |   0.0 |       0 |      14 |   0.0 |   572
           D:3 |       0 |      74 |   0.0 |       0 |      14 |   0.0 |   168
           D:4 |       0 |     178 |   0.0 |       0 |      12 |   0.0 |   543
               +---------+---------+-------+---------+---------+-------+---------
